 Dungeon Crawl Stone Soup version 0.27-a0-1359-ga2a4dfd6fd (webtiles) character file.

Game seed: 11417895188301952978

300 puppykicker the Chiller (level 6, 0/52 HPs)
             Began as a Naga Ice Elementalist on June 28, 2021.
             Killed from afar by a white imp (4 damage)
             ... with a puff of frost
             ... on level 4 of the Dungeon.
             The game lasted 00:09:03 (3611 turns).

puppykicker the Chiller (Naga Ice Elementalist)     Turns: 3611, Time: 00:09:04

Health: 0/52       AC:  3    Str: 12    XL:     6   Next: 36%
Magic:  9/9        EV: 10    Int: 16    God:
Gold:   140        SH:  0    Dex: 11    Spells: 6/10 levels left

rFire    . . .     SeeInvis +   a - +0 dagger (elec)
rCold    . . .     Faith    .   (no shield)
rNeg     . . .     Spirit   .   c - +0 robe
rPois    +         Reflect  .   (no helmet)
rElec    .         Harm     .   (no cloak)
rCorr    .         Rampage  .   (no gloves)
Will     .....                  (no barding)
Stlth    ++........             (no amulet)
HPRegen  0.17/turn              g - ring of flight
MPRegen  0.11/turn              (no ring)

@: attractive, flying, very slow
A: AC +2, large, see invisible, deformed body, poison resistance, slowness 2,
spit poison 1, naga tail 1
a: Spit Poison


You were on level 4 of the Dungeon.
You visited 1 branch of the dungeon, and saw 4 of its levels.

You collected 140 gold pieces.

Inventory:

Hand Weapons
 a - a +0 dagger of electrocution (weapon)
 b - a +0 spear
 j - a +2 dagger of speed
Missiles
 d - 4 boomerangs (quivered)
 h - a throwing net
Armour
 c - a +0 robe (worn)
Jewellery
 g - a ring of flight (left hand)
Scrolls
 f - a scroll of noise {unknown}
 k - 2 scrolls of identify {unknown}
 l - a scroll of vulnerability {unknown}
 n - a scroll of enchant weapon {unknown}
 t - 4 scrolls of teleportation


   Skills:
 - Level 2.0 Fighting
 * Level 4.3 Polearms
 - Level 1.0 Armour
 - Level 2.0 Dodging
 - Level 3.0 Stealth
 - Level 2.5 Spellcasting
 - Level 4.5 Ice Magic


You had 6 spell levels left.
You knew the following spells:

 Your Spells              Type           Power      Damage    Failure   Level
a - Freeze                Ice            64%        1d8       3%          1
b - Frozen Ramparts       Ice            32%        1d5       10%         3

Your spell library contained the following spells:

 Spells                   Type           Power      Damage    Failure   Level
 Ozocubu's Armour         Ice            16%        N/A       10%         3
 Hailstorm                Conj/Ice       9%         3d4       61%         4
 Metabolic Englaciation   Hex/Ice        4%         N/A       91%         5


Dungeon Overview and Level Annotations

Branches:
Dungeon (4/15)
 Temple: D:4-7

Altars:
Fedhas
Sif Muna

Annotations:
D:3 2 transporters


Innate Abilities, Weirdness & Mutations

Your serpentine skin is tough. (AC +2)
You have supernaturally acute eyesight. (SInv)
Armour fits poorly on your strangely shaped body.
Your system is resistant to poisons. (rPois)
You cover ground very slowly.
You can spit poison.
You have a snake-like lower body.


Message History

The puff of frost hits you!
* * * LOW HITPOINT WARNING * * *
You take 8 damage, and have 25/52 hp.
You hit the white imp but do no damage. The white imp hits you.
* * * LOW HITPOINT WARNING * * *
The white imp freezes you.
* * * LOW HITPOINT WARNING * * *
You take 4 damage, and have 21/52 hp.
You are too injured to fight recklessly!
You closely miss the white imp.
The white imp lashes its tail.
The white imp gestures at you. The puff of frost misses you.
You hit the white imp but do no damage. The white imp hits you.
* * * LOW HITPOINT WARNING * * *
The white imp freezes you.
* * * LOW HITPOINT WARNING * * *
You take 8 damage, and have 13/52 hp.
You closely miss the white imp. The white imp hits you.
* * * LOW HITPOINT WARNING * * *
The white imp freezes you.
* * * LOW HITPOINT WARNING * * *
You take 3 damage, and have 10/52 hp.
You hit the white imp. The white imp hits you.
* * * LOW HITPOINT WARNING * * *
The white imp freezes you.
* * * LOW HITPOINT WARNING * * *
You take 4 damage, and have 6/52 hp.
It was a potion of attraction.
You feel attractive to monsters. The white imp hits you.
* * * LOW HITPOINT WARNING * * *
The white imp freezes you.
* * * LOW HITPOINT WARNING * * *
You take 2 damage, and have 4/52 hp.
Unknown command.
You hit the white imp but do no damage. The white imp gestures at you.
The puff of frost hits you.
You die...

########.#...
#........#.#
#..........#
#.......#..#
#.......#..#
#.......##.#
##.......##.#
.........##.#
.......5@##>#
........?#...
.........#...
###......#
#......#
........#
........#
.........


You could see a white imp.

Levels and vault maps discovered:
D:1:      lightli_arrival_farm, layout_loops_ring, shapermc_ecumenical_altar_gd,
          minmay_misc_feat_four_crosses, minmay_lizard_king
D:2:      layout_loops_ring, minmay_pentomino_u2
D:3:      layout_basic, gammafunk_temple_overflow_arena, minmay_crystal_water
D:4:      layout_basic, fedhas_altar_3

Notes
Turn   | Place    | Note
-------+----------+-------------------------------------------
     0 | D:1      | puppykicker the Naga Ice Elementalist began the quest for
                  | the Orb.
     0 | D:1      | Reached XP level 1. HP: 15/15 MP: 3/3
   105 | D:1      | Identified a +0 short sword
   190 | D:1      | Reached XP level 2. HP: 17/22 MP: 1/5
   252 | D:1      | Identified a +0 dagger
   253 | D:1      | Identified a +0 whip
   502 | D:1      | Identified a +0 short sword
   552 | D:1      | Identified a +0 whip
   571 | D:1      | Identified a +0 short sword
   585 | D:1      | Reached XP level 3. HP: 20/30 MP: 0/6
   809 | D:1      | Identified a +0 club
   842 | D:1      | Reached skill level 1 in Fighting
  1154 | D:1      | Found a faded altar of an unknown god.
  1262 | D:1      | Learned a level 3 spell: Frozen Ramparts
  1370 | D:2      | Identified a ring of flight
  1389 | D:2      | Identified a +2 dagger of speed
  1391 | D:2      | Identified a +0 club
  1393 | D:2      | Identified a +0 club
  1432 | D:2      | Identified a +0 dagger of electrocution
  1437 | D:2      | Reached skill level 2 in Dodging
  1482 | D:2      | Identified a +0 ring mail
  1580 | D:2      | Identified a +0 spear
  1624 | D:2      | Identified a +0 dagger
  1646 | D:2      | Identified a +0 war axe
  1671 | D:2      | Reached XP level 4. HP: 33/38 MP: 7/7
  1788 | D:2      | Identified a +2 dagger of speed
  1864 | D:2      | Identified a +0 dagger
  1947 | D:3      | Found a transporter.
  1947 | D:3      | Identified a +0 shortbow
  1947 | D:3      | Noticed a centaur
  1950 | D:3      | Found a transporter.
  1957 | D:3      | Found a shimmering blue altar of Sif Muna.
  2137 | D:3      | Identified a +0 dagger
  2137 | D:3      | Identified a +0 short sword
  2137 | D:3      | Identified a +0 ring mail
  2143 | D:3      | Noticed a necrophage
  2168 | D:3      | Identified 2 potions of curing
  2173 | D:3      | Reached skill level 1 in Armour
  2173 | D:3      | HP: 7/34 [necrophage (2)]
  2174 | D:3      | Identified a potion of might
  2174 | D:3      | HP: 2/34 [necrophage (5)]
  2176 | D:3      | Killed a necrophage
  2177 | D:3      | Reached skill level 2 in Fighting
  2177 | D:3      | Reached skill level 2 in Polearms
  2177 | D:3      | Reached XP level 5. HP: 3/45 MP: 3/8
  2671 | D:3      | Identified 3 scrolls of teleportation
  2764 | D:3      | Identified a +0 hand axe
  3046 | D:4      | Identified a +0 club
  3046 | D:4      | Identified a +0 leather armour
  3066 | D:4      | Reached skill level 3 in Polearms
  3077 | D:4      | Noticed a necrophage
  3084 | D:4      | Killed a necrophage
  3085 | D:4      | Reached skill level 4 in Polearms
  3085 | D:4      | Reached XP level 6. HP: 49/52 MP: 5/9
  3100 | D:4      | Identified a +0 short sword
  3232 | D:4      | Found a blossoming altar of Fedhas.
  3235 | D:4      | Identified a +0 giant spiked club
  3236 | D:4      | Identified a +0 leather armour
  3241 | D:4      | HP: 3/52 [ogre (29)]
  3242 | D:4      | Identified a scroll of amnesia
  3243 | D:4      | Identified a scroll of blinking
  3607 | D:4      | HP: 13/52 [white imp (4)]
  3609 | D:4      | HP: 6/52 [white imp (3)]
  3610 | D:4      | Identified a potion of attraction
  3611 | D:4      | Killed from afar by a white imp

Table legend: (Time is in decaauts)
 A = Elapsed time spent in this place.
 B = Non-inter-level travel time spent in this place.
 C = Inter-level travel time spent in this place.
 D = Time resting spent in this place.
 E = Time spent auto-exploring this place.
 F = Levels seen in this place.
 G = Mean time per level.
                   A        B        C        D        E       F      G
               +--------+--------+--------+--------+--------+-----+--------+
         Total |   4486 |   4260 |    226 |   1240 |   2393 |   4 | 1121.5 |
       Dungeon |   4486 |   4260 |    226 |   1240 |   2393 |   4 | 1121.5 |
               +--------+--------+--------+--------+--------+-----+--------+

Top non-repeatable levels by time:
     D:3: 1779 daAuts
     D:1: 1581 daAuts
     D:2: 818 daAuts
     D:4: 307 daAuts

Table legend:
 A = Kills in this place as a percentage of kills in entire the game.
 B = Kills by you in this place as a percentage of kills by you in the entire game.
 C = Kills by friends in this place as a percentage of kills by friends in the entire game.
 D = Other kills in this place as a percentage of other kills in the entire game.
 E = Experience gained in this place as a percentage of experience gained in the entire game.
 F = Experience gained in this place divided by the number of levels of this place that you have seen.
                   A       B       C       D       E      F
               +-------+-------+-------+-------+-------+----------------------
         Total | 100.0 | 100.0 |   N/A |   N/A | 100.0 | 107.2
       Dungeon | 100.0 | 100.0 |   N/A |   N/A | 100.0 | 107.2
               +-------+-------+-------+-------+-------+----------------------

Skill      XL: |  1  2  3  4  5 |
---------------+----------------+-----
Fighting       | 1 2 |  2.0
Dodging        | 2 |  2.0
Armour         | 1 |  1.0
Polearms       | 2 4 |  4.3
Stealth        | |  3.0
Spellcasting   | |  2.5
Ice Magic      | |  4.5

Action                   |  1- 3 |  4- 6 || total
-------------------------+-------+-------++-------
Melee: Short sword       |    53 |       ||    53
       Unarmed           |     2 |       ||     2
       Dagger            |    20 |    90 ||   110
Throw: Boomerang         |       |     2 ||     2
 Cast: Freeze            |    28 |     1 ||    29
       Frozen Ramparts   |     3 |     5 ||     8
 Abil: Spit Poison       |     4 |     1 ||     5
  Use: Potion            |       |     4 ||     4
       Scroll            |       |     3 ||     3
 Stab: Sleeping          |     5 |     4 ||     9
Armor: Robe              |    22 |    24 ||    46
Dodge: Dodged            |    52 |    49 ||   101

Vanquished Creatures
  2 necrophages
  2 hound skeletons (D:4)
  An adder (D:4)
  A worm (D:2)
  2 dart slugs
  3 orcs
  6 ball pythons
  7 bats
  9 endoplasms
  2 giant cockroaches
  8 goblins
  3 hobgoblins
  9 jackals
  4 quokkas
  10 frilled lizards
  A jackal skeleton (D:4)
  8 kobolds
  5 rats
83 creatures vanquished.

Vanquished Creatures (others)
  11 plants (D:1)
11 creatures vanquished.

Grand Total: 94 creatures vanquished
